 Dungeon Crawl Stone Soup version 0.24-a0-232-g49d9ff8 (webtiles) character file.

Game seed: 13102102393679274275

210 Mgcat the Skirmisher (level 5, -7/48 HPs)
             Began as a Ghoul Berserker on Apr 3, 2019.
             Was a Priest of Trog.
             Blown up by Ijyb (22 damage)
             ... with a wand of disintegration (9)
             ... on level 3 of the Dungeon.
             The game lasted 00:06:53 (2318 turns).

Mgcat the Skirmisher (Ghoul Berserker)              Turns: 2318, Time: 00:06:54

Health: -7/48      AC:  5    Str: 21    XL:     5   Next: 88%
Magic:  4/4        EV:  6    Int:  3    God:    Trog [***...]
Gold:   91         SH: 12    Dex:  8    Spells: 4/4 levels left

rFire    . . .     SeeInvis .   h - +2 war axe (chop)
rCold    + . .     Gourm    .   k - +0 large shield
rNeg     + + +     Faith    .   f - +0 ring mail {MR+}
rPois    ∞         Spirit   .   (no helmet)
rElec    .         Reflect  .   (no cloak)
rCorr    .         Harm     .   (no gloves)
MR       +....                  (no boots)
Stlth    ..........             (no amulet)
HPRegen  0.00/turn              (no ring)
MPRegen  0.09/turn              (no ring)

@: rotting
A: rotting body, claws 1, carnivore, cold resistance 1, negative energy
resistance 3, inhibited regeneration, torment resistance, unbreathing
a: Trog's Hand, Renounce Religion


You were on level 3 of the Dungeon.
You worshipped Trog.
Trog was most pleased with you.
You were not hungry.

You visited 1 branch of the dungeon, and saw 3 of its levels.

You collected 91 gold pieces.

Inventory:

Hand Weapons
 h - a +2 war axe of chopping (weapon)
   (You took it off an orc on level 2 of the Dungeon)
Armour
 f - a +0 ring mail of magic resistance (worn)
   (You found it on level 2 of the Dungeon)
 k - a +0 large shield (worn)
   (You found it on level 1 of the Dungeon)
Scrolls
 a - a scroll of identify {unknown}
 d - a scroll of remove curse
Potions
 b - a potion of degeneration {unknown}
 e - a potion of curing
 g - a potion of cancellation {unknown}
 m - a potion of flight {unknown}
 n - a potion of ambrosia {unknown}
 q - a potion of lignification {unknown}
Comestibles
 c - a ration
 p - 7 chunks of flesh {@w0}


   Skills:
 - Level 5.0 Fighting
 + Level 4.3 Axes
 - Level 1.7 Armour
 - Level 1.7 Dodging
 + Level 1.9 Shields


You had 4 spell levels left.
You didn't know any spells.
Your spell library was empty.

Dungeon Overview and Level Annotations

Branches:
Dungeon (3/15)

Altars:
Dithmenos
Xom

Annotations:
D:3 Ijyb


Innate Abilities, Weirdness & Mutations

Your body is rotting away.
You thrive on raw meat.
You are immune to poison.
You have sharp fingernails.
You are carnivorous and can eat meat at any time.
Your flesh is cold resistant. (rC+)
You are immune to negative energy. (rN+++)
You do not regenerate when monsters are visible.
You are immune to unholy pain and torment.
You can survive without breathing.


Message History

Things that are here:
a +2 trident of pain; an orc corpse You butcher the orc corpse.
p - 7 chunks of flesh {@w0} (gained 2)
Things that are here:
a +2 trident of pain; an orc skeleton
Things that are here:
a +2 trident of pain; an orc skeleton You see here a hunting sling.
Some of the chunks of flesh in your inventory have rotted away.
Found an escape hatch in the floor.
Found a stone staircase leading down.
A bat comes into view.
You block the bat's attack.
A bat is nearby!
You closely miss the bat. You block the bat's attack. x2
The bat hits you but does no damage.
You completely miss the bat. The bat barely misses you.
You block the bat's attack. The bat hits you.
You take 1 damage, and have 47/48 hp.
You slash the bat!
You kill the bat!
Trog accepts your kill.
No target in view!
No target in view!
No target in view!
HP restored.
You see here a chain mail.
Health restored: 48
a - a chain mail Wear which item? (? for menu, Esc to quit)
You start removing your armour.
You continue taking off your +0 ring mail of magic resistance. x4
You finish taking off your +0 ring mail of magic resistance.
You feel less resistant to hostile enchantments.
You start putting on your armour.
You continue putting on your chain mail. x5
You finish putting on your +0 chain mail.
Unknown command.
Wear which item? (? for menu, Esc to quit)
You start removing your armour.
You continue taking off your +0 chain mail. x4
You finish taking off your +0 chain mail.
You start putting on your armour.
You continue putting on your +0 ring mail of magic resistance. x5
You finish putting on your +0 ring mail of magic resistance.
You feel resistant to hostile enchantments.
Drop what? 13/52 slots (_ for help) (? for menu, Esc to quit)
You drop a +0 chain mail.
a - a scroll labeled GEICUKKIHI
There is a stone staircase leading down here.
A frilled lizard comes into view.
The frilled lizard hisses angrily.
A frilled lizard is nearby!
A frilled lizard is nearby!
You hit the frilled lizard.
You kill the frilled lizard!
Trog accepts your kill.
No target in view!
No target in view!
You butcher the frilled lizard corpse.
p - 7 chunks of flesh {@w0} (gained 1)
You see here a frilled lizard skeleton. x2
Ijyb shouts!
Ijyb is too close now for your liking.
Spoiler Alert: Ijyb will often zap you with wands!
Ijyb is nearby!
Ijyb is nearby!
Ijyb zaps a wand.
You are blasted!
You take 9 damage, and have 39/48 hp.
Ijyb zaps a wand.
You are blasted!
You take 21 damage, and have 18/48 hp.
MASSIVE DAMAGE!!
Spoiler Alert: Ijyb will often zap you with wands!
You aren't carrying any items that you can evoke.
Okay, then.
Unknown command.
Ijyb hits you.
You take 1 damage, and have 17/48 hp.
You closely miss Ijyb. You block Ijyb's attack. Ijyb screams, "I no like you!"
You block Ijyb's attack.
Spoiler Alert: Ijyb will often zap you with wands!
You slash Ijyb!
Ijyb is moderately wounded.
You block Ijyb's attack.
You closely miss Ijyb.
Ijyb is moderately wounded.
You block Ijyb's attack. Ijyb hits you.
You take 2 damage, and have 15/48 hp.
Spoiler Alert: Ijyb will often zap you with wands!
You slash Ijyb!
Ijyb is severely wounded.
Ijyb hits you but does no damage.
Your shield and ring mail prevent you from hitting Ijyb.
Ijyb is severely wounded.
You block Ijyb's attack.
Ijyb zaps a wand.
You resist with some effort.
Spoiler Alert: Ijyb will often zap you with wands!
You hit Ijyb but do no damage.
Ijyb is severely wounded.
Ijyb zaps a wand.
You are blasted!
You die...

*,***********#####,
#.,,,,,,,,,,,..#...
#.***********#.#.#. #.* #.#.#.
#.* #.#.#. ********** #.* #.#.#.
###*,,,,,,,,###.############.#.#.
..##,,......#..............#.#.#.
...,,,.........g@.....(......>...
#.#*,.......#.............÷#..##.
#.#*.....,,,#..............#..##.
..##.....,,,#..............#..##[
.........,,,#..............#..##.
......%.(,,,#......#########..##.
(.......#***###'#### #..##.
.........*****#.***** #.....
.#.......*,,,,,,,,,,***** ##.##.


You could see Ijyb.

Vanquished Creatures
  Natasha (twice) (D:2)
  5 adders
  4 worms (D:2)
  5 dart slugs
  4 leopard geckos (D:2)
  6 orcs
  2 ball pythons (D:2)
  14 bats
  4 giant cockroaches
  6 goblins
  9 hobgoblins
  2 jackals (D:1)
  8 kobolds
  2 quokkas
  6 frilled lizards
  7 rats
86 creatures vanquished.

Notes
Turn   | Place    | Note
-------+----------+-------------------------------------------
     0 | D:1      | Mgcat the Ghoul Berserker began the quest for the Orb.
     0 | D:1      | Reached XP level 1. HP: 19/19 MP: 0/0
    88 | D:1      | Reached skill level 3 in Axes
    88 | D:1      | Reached XP level 2. HP: 26/26 MP: 1/1
   448 | D:1      | Reached XP level 3. HP: 30/33 MP: 2/2
   499 | D:1      | Reached skill level 4 in Fighting
   748 | D:2      | HP: 7/33 [adder (4)]
  1026 | D:2      | Reached XP level 4. HP: 18/40 MP: 3/3
  1047 | D:2      | Reached ** piety under Trog
  1116 | D:2      | Found a shadowy altar of Dithmenos.
  1231 | D:2      | Noticed Natasha
  1267 | D:2      | Killed Natasha
  1397 | D:2      | Reached XP level 5. HP: 44/47 MP: 4/4
  1403 | D:2      | Reached skill level 1 in Shields
  1437 | D:2      | Noticed Natasha
  1451 | D:2      | HP: 10/47 [white imp/puff of frost[Natasha] (5)]
  1457 | D:2      | Killed Natasha
  1457 | D:2      | Reached skill level 4 in Axes
  1685 | D:2      | Reached skill level 5 in Fighting
  1811 | D:2      | Found a shimmering altar of Xom.
  2023 | D:3      | Reached *** piety under Trog
  2045 | D:3      | Noticed Ijyb
  2318 | D:3      | Blown up by Ijyb

Levels and vault maps discovered:
D:1:      lemuel_arrival_room, layout_loops_ring
D:2:      minmay_razor_zed, layout_rooms, tgw_xom,
          grunt_dithmenos_smoke_and_mirrors, minmay_pentomino_s2, uniq_natasha
D:3:      layout_basic, gammafunk_temple_overflow_arena, first_ration,
          uniq_crazy_yiuf_cottage, uniq_ijyb

Skill      XL: |  1  2  3  4  5 |
---------------+----------------+-----
Axes           | 3 4 |  4.3
Fighting       | 4 5 |  5.0
Shields        | 1 |  1.9
Armour         | |  1.7
Dodging        | |  1.7

Action                   |  1- 3 |  4- 6 || total
-------------------------+-------+-------++-------
Melee: Hand axe          |   105 |   221 ||   326
       War axe           |       |    13 ||    13
Invok: Trog's Hand       |       |     2 ||     2
  Use: Scroll            |       |     7 ||     7
  Eat: Chunk             |    10 |    19 ||    29
Armor: Animal skin       |     4 |       ||     4
       Leather armour    |    18 |       ||    18
       Ring mail         |     5 |   109 ||   114
Dodge: Dodged            |    44 |    53 ||    97
Block: Large shield      |    32 |   180 ||   212

Table legend:
 A = Non-vault XP
 B = Vault XP
 C = Vault XP percentage of total XP
 D = Non-vault monster count
 E = Vault monster count
 F = Vault count percentage of total count
                 A         B        C        D         E       F
            +---------+---------+-------+---------+---------+-------
      Total |     208 |      93 |  30.9 |      64 |      22 |  25.6
            +---------+---------+-------+---------+---------+-------
        D:1 |      58 |       0 |   0.0 |      24 |       0 |   0.0
        D:2 |     126 |      93 |  42.5 |      29 |      22 |  43.1
        D:3 |      24 |       0 |   0.0 |      11 |       0 |   0.0
            +---------+---------+-------+---------+---------+-------

Levels and vault maps discovered:
D:1:      lemuel_arrival_room, layout_loops_ring
D:2:      minmay_razor_zed, layout_rooms, tgw_xom,
          grunt_dithmenos_smoke_and_mirrors, minmay_pentomino_s2, uniq_natasha
D:3:      layout_basic, gammafunk_temple_overflow_arena, first_ration,
          uniq_crazy_yiuf_cottage, uniq_ijyb

Table legend:
 A = Turns spent in this place as a percentage of turns spent in the entire game.
 B = Non-inter-level travel turns spent in this place as a percentage of non-inter-level travel turns spent in the entire game.
 C = Inter-level travel turns spent in this place as a percentage of turns spent in this place.
 D = Turns resting spent in this place as a percentage of non-inter-level travel turns spent in this place.
 E = Turns spent auto-exploring this place as a percentage of non-inter-level travel turns spent in this place.
 F = Non-inter-level travel turns spent in this place divided by the number of levels of this place that you've seen.
                   A       B       C       D       E      F
               +-------+-------+-------+-------+-------+----------------------
         Total | 100.0 | 100.0 |   2.5 |  16.9 |  49.8 | 753.0
       Dungeon | 100.0 | 100.0 |   2.5 |  16.9 |  49.8 | 753.0
               +-------+-------+-------+-------+-------+----------------------

Table legend:
 A = Kills in this place as a percentage of kills in entire the game.
 B = Kills by you in this place as a percentage of kills by you in the entire game.
 C = Kills by friends in this place as a percentage of kills by friends in the entire game.
 D = Other kills in this place as a percentage of other kills in the entire game.
 E = Experience gained in this place as a percentage of experience gained in the entire game.
 F = Experience gained in this place divided by the number of levels of this place that you have seen.
                   A       B       C       D       E      F
               +-------+-------+-------+-------+-------+----------------------
         Total | 100.0 | 100.0 |   N/A |   N/A | 100.0 | 100.3
       Dungeon | 100.0 | 100.0 |   N/A |   N/A | 100.0 | 100.3
               +-------+-------+-------+-------+-------+----------------------
